 Dungeon Crawl Stone Soup version 0.28-a0-883-gc8d7bad45d (webtiles) character file.

Game seed: 4135657701927701481

345 mcbry74 the Fighter (level 6, -4/93 HPs)
             Began as a Hill Orc Fighter on Nov 21, 2021.
             Succumbed to Sigmund's poison
             ... on level 4 of the Dungeon.
             The game lasted 00:14:39 (3378 turns).

mcbry74 the Fighter (Hill Orc Fighter)              Turns: 3378, Time: 00:14:40

Health: -4/93      AC: 23    Str: 21    XL:     6   Next: 58%
Magic:  6/6        EV:  2    Int:  8    God:
Gold:   115        SH:  4    Dex: 10    Spells: 5/5 levels left

rFire   + . .      SeeInvis .   h - +2 whip (venom)
rCold   + . .      Faith    .   c - +0 buckler
rNeg    . . .      Spirit   .   (armour currently unavailable)
rPois   +          Reflect  .   (helmet currently unavailable)
rElec   +          Harm     .   (cloak currently unavailable)
rCorr   +          Rampage  .   (gloves currently unavailable)
Will    .....      NoTele   +   (boots currently unavailable)
Stlth   +.........              (no amulet)
HPRegen 0.25/turn               (no ring)
MPRegen 0.10/turn               (no ring)

@: lethally poisoned (-4 -> -18), tree-form, resistant, on berserk cooldown,
hasted and slowed
A: stationary, stasis, torment immunity, boosted hp
a: no special abilities


You were on level 4 of the Dungeon.
You were a tree.
You visited 1 branch of the dungeon, and saw 4 of its levels.

You collected 115 gold pieces.

Inventory:

Hand Weapons
 a - a +0 war axe
 h - a +2 whip of venom (weapon)
 r - a +0 war axe
 t - a +0 war axe
 w - a +1 vorpal flail
Missiles
 f - 17 poisoned darts (quivered)
 m - 4 javelins
Armour
 b - a +0 scale mail
 c - a +0 buckler (worn)
 x - a +3 scale mail (melded)
Scrolls
 e - a scroll of brand weapon {unknown}
 g - a scroll of enchant armour {unknown}
 o - 2 scrolls of noise {unknown}
 p - a scroll of silence {unknown}
 q - a scroll of vulnerability {unknown}
 s - 6 scrolls of identify {unknown}
 v - a scroll of summoning {unknown}
Potions
 d - a potion of might
 j - a potion of flight


   Skills:
 + Level 8.6 Fighting
 - Level 2.6 Axes
 - Level 3.2 Armour
 - Level 3.2 Shields


You had 5 spell levels left.
You didn't know any spells.
Your spell library contained the following spells:

 Spells                   Type           Power      Damage    Failure   Level
 Magic Dart               Conj           0%         1d3       43%         1
 Sting                    Tmut/Pois      0%         1d3       43%         1
 Call Imp                 Summ           0%         N/A       56%         2
 Poisonous Vapours        Pois/Air       0%         N/A       56%         2
 Sublimation of Blood     Necr           0%         N/A       56%         2
 Wereblood                Tmut           0%         N/A       56%         2
 Inner Flame              Hex/Fire       0%         N/A       80%         3
 Mephitic Cloud           Conj/Pois/Air  0%         N/A       80%         3
 Cause Fear               Hex            0%         N/A       99%         4
 Olgreb's Toxic Radiance  Pois           0%         N/A       99%         4
 Summon Hydra             Summ           0%         N/A       100%        7
 Discord                  Hex            0%         N/A       100%        8


Dungeon Overview and Level Annotations

Branches:
Dungeon (4/15)
 Temple: D:4-7

Altars:

Annotations:
D:4 Sigmund


Message History

Hit: h) +2 whip (venom)
Press: ? - help, Dir - move target You swing at nothing.
You feel sick. Something hits you but does no damage.
Hit: h) +2 whip (venom)
Press: ? - help, Dir - move target You swing at nothing.
You feel sick.
Hit: h) +2 whip (venom)
Press: ? - help, Dir - move target, f - you That would be overly suicidal.
Okay, then.
Hit: h) +2 whip (venom)
Press: ? - help, Dir - move target You swing at nothing.
You feel sick.
Sigmund appears from thin air!
Reactivating autopickup.
Sigmund casts a spell at you.
The magic dart hits you but does no damage.
You feel sick. You block Sigmund's attack.
You feel sick. Sigmund hits you but does no damage.
You feel sick.
You are no longer poisoned.
Sigmund hits you but does no damage.
Sigmund hits you from afar with a +2 scythe of venom.
* * * LOW HITPOINT WARNING * * *
It was a potion of berserk rage.
A red film seems to cover your vision as you go berserk!
You feel yourself moving faster!
You feel mighty!
You are too berserk!
You feel a strong urge to attack something.
Sigmund hits you but does no damage.
You are lethally poisoned!
* * * LOW HITPOINT WARNING * * *
You feel sick.
You feel your anger nearly subside.
You are no longer berserk.
You are exhausted.
You feel yourself slow down.
* * * LOW HITPOINT WARNING * * *
You feel sick. Sigmund hits you but does no damage.
You are more poisoned.
It was a potion of haste.
You feel yourself speed up.
You die...

#.####.#.#
#......#.#
#######.###.#
#.####...##.#
#.'.......#.#
#.####...##.#
......### ##...#.#
...... #.#...#
.w.... #♣..###
###...... ##.##
......... #@#
........# #.#
.!.....######## #.#
......##......# #.#
.....##..####.###.#
....##..#.....{...#
'#####..#.###.#####


You could see Sigmund.

Vanquished Creatures
  Edmund (D:4)
  Natasha (thrice) (D:2)
  2 iguanas (D:4)
  An adder (D:2)
  An ufetubus (D:4)
  2 worms (D:4)
  3 dart slugs
  4 orcs
  4 ball pythons
  8 endoplasms
  5 giant cockroaches
  7 goblins
  3 hobgoblins
  3 jackals (D:1)
  6 quokkas
  9 bats
  2 frilled lizards
  2 kobolds
  3 rats
69 creatures vanquished.

Notes
Turn   | Place    | Note
-------+----------+-------------------------------------------
     0 | D:1      | mcbry74 the Hill Orc Fighter began the quest for the Orb.
     0 | D:1      | Reached XP level 1. HP: 19/19 MP: 1/1
    82 | D:1      | Reached skill level 4 in Fighting
    85 | D:1      | Reached XP level 2. HP: 23/27 MP: 2/2
   434 | D:1      | Reached XP level 3. HP: 35/35 MP: 3/3
   437 | D:1      | Reached skill level 5 in Fighting
   483 | D:1      | Found a faded altar of an unknown god.
  1062 | D:2      | Noticed Natasha
  1069 | D:2      | Killed Natasha
  1070 | D:2      | Reached skill level 6 in Fighting
  1070 | D:2      | Reached XP level 4. HP: 40/44 MP: 4/4
  1094 | D:2      | Noticed Natasha
  1103 | D:2      | Killed Natasha
  1115 | D:2      | Noticed Natasha
  1125 | D:2      | Killed Natasha
  1126 | D:2      | Reached XP level 5. HP: 12/51 MP: 5/5
  1822 | D:3      | Reached skill level 7 in Fighting
  2706 | D:4      | Noticed Edmund
  2746 | D:4      | Killed Edmund
  2747 | D:4      | Reached skill level 8 in Fighting
  2747 | D:4      | Reached XP level 6. HP: 46/62 MP: 6/6
  3126 | D:4      | Noticed Sigmund
  3373 | D:4      | HP: 2/93 [Sigmund (3)]
  3378 | D:4      | Succumbed to Sigmund's poison

Illustrated notes

Levels and vault maps discovered:
D:1:      tarquinn_simple_flora_water_a, layout_rooms,
          hellmonk_ecumenical_altar_dog_temple
D:2:      layout_rooms, uniq_natasha
D:3:      layout_rooms, kennysheep_generic_room_14
D:4:      layout_loops_corners, kennysheep_big_empty_room, feat_on_display,
          uniq_sigmund, uniq_edmund

Skill      XL: |  1  2  3  4  5 |
---------------+----------------+-----
Fighting       | 4 6 8 |  8.6
Axes           | |  2.6
Armour         | |  3.2
Shields        | |  3.2

Action                   |  1- 3 |  4- 6 || total
-------------------------+-------+-------++-------
Melee: War axe           |    60 |       ||    60
       Whip              |     6 |    87 ||    93
  Use: Potion            |       |     6 ||     6
Armor: Scale mail        |    24 |    24 ||    48
       Skin              |       |     7 ||     7
Dodge: Dodged            |    27 |    45 ||    72
Block: Buckler           |     9 |    26 ||    35

Table legend: (Time is in decaauts)
 A = Elapsed time spent in this place.
 B = Non-inter-level travel time spent in this place.
 C = Inter-level travel time spent in this place.
 D = Time resting spent in this place.
 E = Time spent auto-exploring this place.
 F = Levels seen in this place.
 G = Mean time per level.
                   A        B        C        D        E       F      G
               +--------+--------+--------+--------+--------+-----+--------+
         Total |   3423 |   3297 |    126 |    793 |   1733 |   4 |  855.8 |
       Dungeon |   3423 |   3297 |    126 |    793 |   1733 |   4 |  855.8 |
               +--------+--------+--------+--------+--------+-----+--------+

Top non-repeatable levels by time:
     D:4: 1109 daAuts
     D:1: 1017 daAuts
     D:2: 747 daAuts
     D:3: 548 daAuts
